 Dungeon Crawl Stone Soup version 0.13-a0-2776-g5b28ffd (webtiles) character file.

1854 Kae the Arsonist (level 8, -3/41 HPs)
             Began as a Tengu Fire Elementalist on Aug 24, 2013.
             Slain by Pikel
             ... wielding a +0,+1 whip of electrocution
              (18 damage)
             ... on Level 7 of the Dungeon.
             The game lasted 00:12:43 (7540 turns).

Kae the Arsonist (Tengu Fire Elementalist)          Turns: 7540, Time: 00:12:43

HP  -3/41        AC  3     Str  9      XL: 8   Next: 94%
MP   0/21        EV 13     Int 18      God:
Gold 249         SH  0     Dex 17      Spells:  4 memorised,  7 levels left

Res.Fire  : . . .   See Invis. : .   t - +3 dwarf dagger
Res.Cold  : . . .   Warding    : .   y - +0 robe
Life Prot.: . . .   Conserve   : .   (no shield)
Res.Poison: .       Res.Corr.  : .   (helmet restricted)
Res.Elec. : .       Clarity    : .   w - +0 cloak
Sust.Abil.: . .     Spirit.Shd : .   (no gloves)
Res.Mut.  : .       Stasis     : .   (boots unavailable)
Res.Rott. : .       Flight     : .   (no amulet)
Saprovore : . . .                    (no ring)
                                     h - +3 ring of dexterity

@: slightly resistant to hostile enchantments, fairly stealthy
A: able to fly, beak, talons 3
a: Fly


You were on level 7 of the Dungeon.
You were not hungry.

You visited 2 branches of the dungeon, and saw 8 of its levels.

You collected 229 gold pieces.

Inventory:

Hand weapons
 t - a +3,+3 dwarven dagger (weapon)
 C - a cursed -2,-1 orcish dagger
Missiles
 n - 4 darts of frost (quivered)
 p - 89 darts
 A - 13 darts of flame
Armour
 s - a +0 cloak
 w - a +0 cloak (worn)
 y - a +0 robe (worn)
Magical devices
 l - a wand of disintegration (16)
 u - a wand of polymorph (0)
 z - a wand of disintegration (15)
 D - a wand of paralysis (9) {unknown}
Comestibles
 a - a cheese
 c - 3 bread rations
 f - a choko
 m - 2 apples
 q - an orange
 x - a meat ration
 F - a chunk of worm flesh
Scrolls
 e - 4 scrolls of remove curse
 j - 3 scrolls of fog
 k - a scroll of random uselessness
 o - 8 scrolls of identify
 r - a scroll of curse armour
 B - a scroll of enchant armour {unknown}
Jewellery
 h - a +3 ring of dexterity (left hand)
Potions
 d - 3 potions of heal wounds {unknown}
 g - 2 potions of restore abilities {unknown}
 i - 3 potions of curing
 v - a potion of poison {unknown}
Books
 b - a book of Flames

   Spells                             Type                      Level
   *Flame Tongue                      Conjuration/Fire             1
   *Throw Flame                       Conjuration/Fire             2
   *Conjure Flame                     Conjuration/Fire             3
   Inner Flame                        Hexes/Fire                   3
   *Sticky Flame                      Conjuration/Fire             4
   Fireball                           Conjuration/Fire             5


   Skills:
 - Level 2.2 Dodging
 - Level 2.0 Stealth
 + Level 5.1 Spellcasting
 + Level 8.2 Conjurations
 * Level 8.4 Fire Magic


You had 7 spell levels left.
You knew the following spells:

 Your Spells              Type           Power        Failure   Level  Hunger
a - Flame Tongue          Conj/Fire      ####.        1%          1    None
b - Throw Flame           Conj/Fire      ####..       1%          2    #......
c - Conjure Flame         Conj/Fire      ####....     1%          3    ###....
d - Sticky Flame          Conj/Fire      ####....     4%          4    ####...


Dungeon Overview and Level Annotations

Branches:
Dungeon (7/27)             Temple (1/1) D:6
    Orc: D:6-11

Altars:
Ashenzari
Cheibriados
Elyvilon
Fedhas
Kikubaaqudgha
Makhleb
Nemelex Xobeh
Okawaru
Sif Muna
Trog
Xom
Yredelemnul
Zin

Annotations:
D:7 Pikel


Innate Abilities, Weirdness & Mutations

You can fly.
You have a beak for a mouth.
You have claws for feet.


Message History

That felt strangely unrewarding.
Casting: Throw Flame
Confirm with . or Enter, or press ? or * to list all spells.
Aiming: Throw Flame
Press: ? - help, Shift-Dir - straight line, f - Pikel
Aim: Pikel, wielding a glowing whip and wearing an elven robe (moderately wounded)
The puff of flame misses Pikel.
Pikel says, "You'll fetch a fair price!"
Pikel is engulfed in roaring flames.
Pikel hits you with a glowing whip!
Casting: Throw Flame
Confirm with . or Enter, or press ? or * to list all spells.
Aiming: Sticky Flame
Press: ? - help, Shift-Dir - straight line, f/p - Pikel
Aim: Pikel, wielding a glowing whip and wearing an elven robe (flame, heavily wounded)
The sticky flame hits Pikel.
Pikel is severely wounded.
Pikel is covered in liquid flames!
Pikel burns!
Pikel is engulfed in roaring flames.
Pikel hits you with a glowing whip.
You are electrocuted!
You die...

#.#.#.#.#.#......#.#....#
#.#.#.#.#....## #.#.##.#
#.#.#.#.#.###.# #.#.##.#
#.#.#.#.#.# . #.#.##.#
#.#.#.#.## #.#...<#
#.#.#.#.# #.#.#..#.#
.####..# .% #.####.#
#..##[####.. ..#
#..@K....... ###
#.###....... #. ..... ##
..$. ... .


You could see Pikel (burning).

Vanquished Creatures
  A sky beast (D:6)
  2 slaves (D:7)
  2 ogres
  A phantom (D:4)
  A black bear (D:6)
  An ice beast (D:6)
  A centaur (D:5)
  A giant frog (D:6)
  4 crimson imps
  A goliath beetle (D:7)
  A quasit (D:5)
  A giant frog zombie (D:5)
  2 orc priests
  4 hounds
  Crazy Yiuf (D:5)
  3 orc wizards
  5 worker ants
  8 adders
  4 worms
  A giant mite (D:5)
  A scorpion zombie (D:5)
  A giant eyeball (D:4)
  2 giant geckos
  An ooze (D:2)
  13 orcs
  7 bats
  6 giant cockroaches
  14 goblins
  10 hobgoblins
  13 jackals
  3 quokkas
  2 ball pythons
  5 giant newts
  A giant newt skeleton (D:4)
  A jackal skeleton (D:4)
  10 kobolds
  A kobold skeleton (D:4)
  An orc skeleton (D:5)
  An orc zombie (D:5)
  10 rats
148 creatures vanquished.

Vanquished Creatures (others)
  2 plants (D:4)
2 creatures vanquished.

Grand Total: 150 creatures vanquished

Notes
Turn   | Place    | Note
--------------------------------------------------------------
     0 | D:1      | Kae, the Tengu Fire Elementalist, began the quest for the Orb.
     0 | D:1      | Reached XP level 1. HP: 10/10 MP: 3/3
   303 | D:1      | Reached XP level 2. HP: 13/15 MP: 3/5
   638 | D:2      | Reached XP level 3. HP: 8/19 MP: 1/7
   885 | D:2      | Reached skill level 4 in Fire Magic
  1162 | D:2      | Reached XP level 4. HP: 21/24 MP: 1/8
  2279 | D:3      | Reached XP level 5. HP: 17/28 MP: 9/11
  2722 | D:3      | Found a basalt altar of Yredelemnul.
  2871 | D:4      | Noticed a phantom
  2884 | D:4      | Killed a phantom
  2884 | D:4      | Reached skill level 5 in Conjurations
  2884 | D:4      | Reached XP level 6. HP: 11/32 MP: 3/14
  3185 | D:4      | Reached skill level 5 in Fire Magic
  3926 | D:4      | Found a shimmering altar of Xom.
  4247 | D:4      | Noticed an ogre
  4253 | D:4      | Learned a level 2 spell: Throw Flame
  4257 | D:4      | Learned a level 3 spell: Conjure Flame
  4263 | D:4      | Killed an ogre
  4263 | D:4      | Reached skill level 6 in Conjurations
  4263 | D:4      | Reached XP level 7. HP: 36/36 MP: 6/16
  4486 | D:5      | Entered Level 5 of the Dungeon
  4935 | D:5      | Found a shattered altar of Ashenzari.
  5204 | D:5      | Learned a level 4 spell: Sticky Flame
  5295 | D:5      | Reached skill level 7 in Conjurations
  5295 | D:5      | Reached XP level 8. HP: 29/41 MP: 14/20
  5663 | D:5      | Noticed Crazy Yiuf
  5668 | D:5      | Killed Crazy Yiuf
  6308 | D:6      | Found a staircase to the Ecumenical Temple.
  6738 | D:6      | Reached skill level 8 in Fire Magic
  7112 | D:6      | Reached skill level 5 in Spellcasting
  7261 | Temple   | Entered the Ecumenical Temple
  7525 | D:7      | Noticed Pikel
  7540 | D:7      | Slain by Pikel

Action                   |  1- 3 |  4- 6 |  7- 9 || total
-------------------------+-------+-------+-------++-------
Melee: Unarmed           |    28 |    26 |       ||    54
       Dagger            |       |   106 |   106 ||   212
 Cast: Flame Tongue      |    44 |    93 |   112 ||   249
       Throw Flame       |       |     4 |    21 ||    25
       Conjure Flame     |       |       |     4 ||     4
       Sticky Flame      |       |       |     4 ||     4
Evoke: Wand              |       |       |    14 ||    14
  Use: Potion            |     2 |       |       ||     2
       Scroll            |       |       |    11 ||    11
 Stab: Sleeping          |     1 |     3 |     3 ||     7
